 Dungeon Crawl Stone Soup version 0.19.3-1-g3169bf9 (webtiles) character file.

480 OrDronus the Vexing (level 6, -5/41 HPs)
             Began as a Vampire Enchanter on Jan 23, 2017.
             Slain by a centaur (8 damage)
             ... on level 4 of the Dungeon.
             The game lasted 00:23:16 (4614 turns).

OrDronus the Vexing (Vampire Enchanter)             Turns: 4614, Time: 00:23:17

Health: -5/41      AC:  3    Str:  7    XL:     6   Next: 86%
Magic:  1/10       EV: 14    Int: 17    God:
Gold:   200        SH:  0    Dex: 17    Spells: 3 memorised, 4 levels left

rFire  . . .     SeeInvis +     a - +1 dagger
rCold  + . .     Gourm    .     b - +1 robe
rNeg   + + .     Faith    .     (no shield)
rPois  +         Spirit   .     (no helmet)
rElec  .         Reflect  .     (no cloak)
rCorr  .         Harm     .     (no gloves)
MR     .....                    (no boots)
Stlth  +++++.....               (no amulet)
                                (no ring)
                                k - ring of stealth

@: regenerating slowly
A: fangs 3, see invisible, unbreathing
a: Bat Form


You were on level 4 of the Dungeon.
You were thirsty.

You visited 1 branch of the dungeon, and saw 4 of its levels.

You collected 200 gold pieces.

Inventory:

Hand Weapons
 a - a +1 dagger (weapon)
Armour
 b - a +1 robe (worn)
 i - a +0 buckler
Jewellery
 k - a ring of stealth (left hand)
 n - an uncursed ring of protection from fire {unknown}
 s - a +4 amulet of reflection {unknown}
Scrolls
 e - 3 scrolls of fear {unknown}
 f - 4 scrolls of identify {unknown}
 g - 3 scrolls of random uselessness {unknown}
 h - a scroll of enchant weapon {unknown}
 j - 3 scrolls of teleportation {unknown}
 q - a scroll of recharging {unknown}
 r - a scroll of noise {unknown}
 t - a scroll of enchant armour {unknown}
Potions
 d - 13 potions of blood
 l - 5 potions of flight {unknown}
 m - a potion of berserk rage {unknown}
 o - a potion of curing {unknown}
 p - 2 potions of lignification {unknown}
 u - a potion of heal wounds {unknown}
Books
 c - a book of Maledictions

   Spells                             Type                      Level
   a - Corona                         Hexes                        1
   b - Ensorcelled Hibernation        Hexes/Ice                    2
   c - Confuse                        Hexes                        3
   d - Tukima's Dance                 Hexes                        3
   e - Dazzling Spray                 Conjuration/Hexes            3


   Skills:
 * Level 4.1 Short Blades
 + Level 3.5 Dodging
 + Level 6.1 Stealth
 + Level 2.9 Spellcasting
 * Level 7.4 Hexes


You had 4 spell levels left.
You knew the following spells:

 Your Spells              Type           Power        Failure   Level  Hunger
a - Corona                Hex            ####...      1%          1    #......
b - Ensorcelled Hibernat  Hex/Ice        ###...       10%         2    ##.....
c - Confuse               Hex            ####....     2%          3    ###....


Dungeon Overview and Level Annotations

Branches:
Dungeon (4/15)
 Temple: D:4-7

Altars:
Dithmenos
Gozag
Kikubaaqudgha

Annotations:
D:4 exclusions: iguana, ogre and phantom


Innate Abilities, Weirdness & Mutations

You heal slowly.
You have razor-sharp teeth.
You have supernaturally acute eyesight. (SInv)
You can survive without breathing.


Message History

The centaur closely misses you.
You hit the centaur but do no damage.
The centaur is moderately wounded.
The centaur hits you!
* * * LOW HITPOINT WARNING * * *
You hit the centaur. You bite the centaur, but do no damage.
The centaur is heavily wounded.
The centaur hits you but does no damage.
You hit the centaur.
The centaur is heavily wounded.
The centaur barely misses you.
The centaur hits you but does no damage.
You hit the centaur.
The centaur is severely wounded.
The centaur hits you!
* * * LOW HITPOINT WARNING * * *
You hit the centaur.
The centaur is severely wounded.
The centaur hits you!
You die...

#.. #.. # #.# #
#.#†#.# #c#)#.#####
#..........
.....>#.#.#####
#.#.#.#c#.# # # #@# #
#.# #.# #.# #.# #(#
#(#############
#....)........#
#####...###########.#


You could see a centaur.

Vanquished Creatures
  Sigmund (D:2)
  An ogre (D:4)
  A howler monkey (D:4)
  A hound (D:3)
  A worker ant (D:4)
  A hound zombie (D:3)
  5 adders
  An ooze (D:1)
  3 worms
  A dart slug (D:3)
  8 orcs
  9 bats
  4 giant cockroaches
  4 goblins
  11 hobgoblins
  9 jackals
  A ball python (D:3)
  A ball python skeleton (D:4)
  13 frilled lizards
  9 kobolds
  5 rats
90 creatures vanquished.

Notes
Turn   | Place    | Note
-------+----------+-------------------------------------------
     0 | D:1      | OrDronus the Vampire Enchanter began the quest for the Orb.
     0 | D:1      | Reached XP level 1. HP: 13/13 MP: 3/3
   382 | D:1      | Reached XP level 2. HP: 6/19 MP: 0/5
   998 | D:1      | Reached skill level 5 in Hexes
  1267 | D:1      | Reached XP level 3. HP: 20/24 MP: 4/6
  1820 | D:1      | Learned a level 2 spell: Ensorcelled Hibernation
  1824 | D:1      | Learned a level 3 spell: Confuse
  1853 | D:2      | Noticed Sigmund
  2787 | D:2      | Killed Sigmund
  2787 | D:2      | Reached skill level 5 in Stealth
  2787 | D:2      | Reached skill level 6 in Hexes
  2787 | D:2      | Reached XP level 4. HP: 30/30 MP: 2/7
  2787 | D:2      | Reached XP level 5. HP: 35/35 MP: 2/8
  2842 | D:2      | Found a shadowy altar of Dithmenos.
  2842 | D:2      | Found an ancient bone altar of Kikubaaqudgha.
  2990 | D:2      | Found an opulent altar of Gozag.
  3518 | D:3      | Reached XP level 6. HP: 41/41 MP: 7/10
  4270 | D:4      | Reached skill level 7 in Hexes
  4614 | D:4      | Slain by a centaur

Skill      XL: |  1  2  3  4  5  6 |
---------------+-------------------+-----
Hexes          | 5 6 7 |  7.4
Short Blades   | 3 4 |  4.1
Dodging        | 3 |  3.5
Stealth        | 5 6 |  6.1
Spellcasting   | |  2.9

Action                   |  1- 3 |  4- 6 || total
-------------------------+-------+-------++-------
Melee: Dagger            |   199 |   153 ||   352
       Bite              |    21 |    15 ||    36
 Cast: Corona            |    49 |    18 ||    67
       Confuse           |     7 |    18 ||    25
       Ensorcelled Hiber |     6 |    16 ||    22
 Abil: End Transformatio |     2 |       ||     2
       Bat Form          |     2 |       ||     2
  Use: Potion            |     9 |     4 ||    13
 Stab: Sleeping          |     6 |    20 ||    26
       Confused          |     2 |     5 ||     7
  Eat: Corpse            |       |     4 ||     4
Armor: Robe              |    38 |    15 ||    53
Dodge: Dodged            |   150 |    87 ||   237
